[Event "Early-Titled-Tuesday-Blitz-February-06-2024"]
[Site "Chess.com"]
[Date "2024.02.06"]
[Round "9"]
[White "Eloist"]
[Black "javirec"]
[Result "1-0"]
[WhiteElo "2430"]
[BlackElo "2291"]
[TimeControl "180+1"]
[EndTime "9:45:31 PST"]
[Termination "Eloist won by checkmate"]

1. e4 c5 2. Nf3 e6 3. d4 cxd4 4. Nxd4 Nc6 5. Nc3 Qc7 6. Be3 a6 7. Bd3 Nf6 8. O-O Be7 9. Qe2 O-O 10. Nxc6 bxc6 11. f4 d5 12. e5 Nd7 13. Na4 c5 14. c4 d4 15. Bd2 Bb7 16. b3 Bc6 17. Nb2 Rae8 18. Rae1 g6 19. Be4 Qb7 20. Bxc6 Qxc6 21.
Nd3 Ra8 22. Rf3 Rfe8 23. g4 Nf8 24. Qe4 Qxe4 25. Rxe4 Nd7 26. Kg2 a5 27. Nb2 Nb6 28. a4 Nd7 29. f5 exf5 30. gxf5 Bd8 31. e6 fxe6 32. fxg6 hxg6 33. Rg4 Kg7 34. Rfg3 Nf8 35. Bf4 Bf6 36. Bd6 Be7 37. Be5+ Bf6 38. Bxf6+ Kxf6 39. Nd3 Rab8 40. Rf3+ Kg7 41. Nxc5 Rec8 42. Rxf8 Rxf8 43.
Nxe6+ Kf6 44. Nxf8 Rxf8 45. Rf4+ Ke7 46. Rxf8 Kxf8 47.
Kf3 Ke7 48. Ke4 Kf6 49. Kxd4 Kg5 50. c5 Kf6 51. c6 Ke7 52. Kc5 Kd8 53. b4 axb4 54.
Kxb4 Kc7 55. Kc5 Kc8 56. a5 Kb8 57. a6 g5 58. Kb6 g4 59. a7+ Ka8 60. c7 g3 61. c8=Q# 1-0

[Event "Early-Titled-Tuesday-Blitz-February-06-2024"]
[Site "Chess.com"]
[Date "2024.02.06"]
[Round "9"]
[White "WiktoriaPOL"]
[Black "KhazhatulyAlikhan"]
[Result "1/2-1/2"]
[WhiteElo "2280"]
[BlackElo "2400"]
[TimeControl "180+1"]
[EndTime "9:45:31 PST"]
[Termination "Game drawn by repetition"]

1. c4 Nf6 2. Nc3 e6 3. e4 e5 4.
Nf3 Nc6 5. a3 Bc5 6. Nxe5 Nxe5 7. d4 Bd6 8. c5 Bxc5 9. dxe5 Ng8 10. Qg4 g6 11. Bc4 d5 12. Qg3 dxc4 13. Bg5 Qd3 14. Rd1 Qxd1+ 15. Kxd1 Be6 16. Kc2 h6 17. Bf6 Nxf6 18.
exf6 O-O-O 19. Nb5 Bb6 20. Rd1 Rxd1 21. Kxd1 Rd8+ 22.
Kc2 a6 23. Nc3 h5 24. f4 Rd3 25. Qe1 Be3 26. Nd5 Bd4 27. Qb4 c5 28. Qb6 Bxd5 29.
exd5 Rb3 30. Qd6 Rxb2+ 31. Kc1 Rxg2 32. Qf8+ Kc7 33. d6+ Kc6 34. Qc8+ Kxd6 35. Qxb7 Rg1+ 36. Kc2 Ke6 37. Qe7+ Kf5 38. Qxf7 Rg2+ 39. Kd1 Rxh2 40. Qxc4 Kxf6 41. Qd5 Rf2 42. Qc6+ Kf5 43. Qxa6 Rxf4 44. Qd3+ Kg5 45. a4 h4 46. a5 Rg4 47. a6 Rg1+ 48.
Kc2 Rg2+ 49. Kd1 Rg1+ 50. Ke2 Rg2+ 51. Ke1 Rg1+ 52. Ke2 Rg2+ 53. Kf1 Rg1+ 54. Ke2 1/2-1/2

[Event "Early-Titled-Tuesday-Blitz-February-06-2024"]
[Site "Chess.com"]
[Date "2024.02.06"]
[Round "9"]
[White "Sam_ChessMood"]
[Black "AradNazari"]
[Result "1-0"]
[WhiteElo "2920"]
[BlackElo "2777"]
[TimeControl "180+1"]
[EndTime "9:45:33 PST"]
[Termination "Sam_ChessMood won by resignation"]

1. d4 Nf6 2. c4 g6 3. Nc3 d5 4. Bf4 Bg7 5. e3 O-O 6. Rc1 c5 7. dxc5 Qa5 8. cxd5 Rd8 9. Bc4 Ne4 10. Ne2 Nxc5 11. O-O Bf5 12. Nd4 Bd7 13. a3 Nca6 14. Ba2 Qb6 15. b4 Be8 16. d6 e5 17. Nd5 Qxd6 18. Bg3 Qf8 19. Nf3 h6 20. Bxe5 Nd7 21.
Bd4 Nb6 22. Nxb6 axb6 23. Qe2 Bxd4 24. Nxd4 Nb8 25. Qg4 Qg7 26. Rc7 Nd7 27. Rc3 Ne5 28. Qf4 Nc6 29. Rd1 Nxd4 30. exd4 Bc6 31. h4 Bd5 32.
Bxd5 Rxd5 33. Rd2 g5 34. hxg5 hxg5 35. Qe4 Rad8 36. Rcd3 Qf6 37. Rf3 Qd6 38. Rf5 Rxf5 39. Qxf5 f6 40. Qg6+ Kf8 41. Qh6+ Kf7 42. Qh7+ Kf8 43. d5 Qf4 44. Rd1 Qe5 45. Qh8+ Ke7 46. Qg7+ Kd6 47. Qxb7 Qc3 48. Qxb6+ Kd7 49. Qe6+ Kc7 50.
d6+ Kb6 51. d7+ Kb7 52. Qd5+ Ka7 53. Qa5+ Kb7 54. Qxd8 1-0

[Event "Early-Titled-Tuesday-Blitz-February-06-2024"]
[Site "Chess.com"]
[Date "2024.02.06"]
[Round "9"]
[White "FairChess_on_YouTube"]
[Black "mbojan"]
[Result "1/2-1/2"]
[WhiteElo "3062"]
[BlackElo "2880"]
[TimeControl "180+1"]
[EndTime "9:45:35 PST"]
[Termination "Game drawn by repetition"]

1. d4 Nf6 2. c4 e6 3. Nf3 d5 4. Bg5 Be7 5. e3 Nbd7 6. Qc2 O-O 7. Nc3 c5 8. dxc5 Nxc5 9. Rd1 Qa5 10. cxd5 exd5 11.
Be2 Nce4 12. O-O Nxg5 13. Nxg5 d4 14. Nce4 Nxe4 15. Nxe4 dxe3 16. Bc4 exf2+ 17. Rxf2 Bf5 18. b4 Qe5 19. Nf6+ Bxf6 20. Rxf5 Qe3+ 21. Kh1 Rac8 22.
Rf3 Qe7 23. Qb3 Rfd8 24. Rff1 Rxd1 25. Rxd1 g6 26. Bd5 Kg7 27. Bf3 Rc7 28. a3 b6 29. Qa4 Qe6 30. Qa6 Re7 31. Qd3 h5 32. h3 Qe5 33. Rf1 Qg3 34. Be4 Qe5 35. Qf3 Qg5 36.
Bd5 Rd7 37. Bb3 Qe5 38. Qc6 Re7 39. Qf3 Qc3 40. Qxc3 Bxc3 41. Bd5 Bb2 42. a4 Bc3 43. b5 f5 44. Rc1 Re3 45. Kg1 Bd4 46. Kf1 Bc5 47.
a5 Re5 48. axb6 axb6 49. Bc6 Kf6 50. Re1 Be3 51. Ke2 f4 52. Kf3 Rc5 53. Rd1 Rc2 54. g4 Rf2+ 55. Ke4 hxg4 56. hxg4 Kg5 57. Rd6 Re2 58. Kf3 Rf2+ 59. Ke4 Re2 60. Kf3 Rf2+ 61. Ke4 1/2-1/2

[Event "Early-Titled-Tuesday-Blitz-February-06-2024"]
[Site "Chess.com"]
[Date "2024.02.06"]
[Round "9"]
[White "Fandorine"]
[Black "Yaacovn"]
[Result "0-1"]
[WhiteElo "2952"]
[BlackElo "2855"]
[TimeControl "180+1"]
[EndTime "9:45:36 PST"]
[Termination "Yaacovn won by resignation"]

1. Nf3 Nf6 2. g3 c6 3. c4 d5 4. d4 Bf5 5. Nc3 e6 6. Qb3 Qb6 7. c5 Qc7 8. Bf4 Qc8 9. Bg2 Nbd7 10. O-O Be7 11. Nd2 O-O 12. e4 dxe4 13. Ndxe4 Bxe4 14. Nxe4 Nxe4 15. Bxe4 Nf6 16. Bf3 Rd8 17. Rad1 Nd5 18. Bd2 Bf6 19. Qc4 Ne7 20. Bc3 Qd7 21. Be4 g6 22. a4 a5 23. h4 h5 24. Kg2 Qc7 25.
Rfe1 Rd7 26. Bc2 Rad8 27. Rxe6 fxe6 28. Qxe6+ Kg7 29. d5 Ng8 30. d6 Qc8 31. Qe4 Bxc3 32. Qxg6+ Kf8 33. bxc3 Rg7 34. Qxh5 Qg4 35. Qe5 Re8 36.
Qd4 Qxd4 37. cxd4 Nf6 38. Bf5 Nd5 39. Rd2 Re1 40. Kf3 Rf7 41. g4 Rh1 42. h5 Rh3+ 43.
Ke4 Rh1 44. Rd3 Re1+ 45. Kf3 Ke8 46. Rb3 Kd8 47. Kg3 Rg1+ 48. Kh4 Nf6 49. f3 Rg7 50.
Re3 Rg8 51. Re2 Rh1+ 52. Kg3 Nxh5+ 53. Kg2 Nf4+ 54. Kxh1 Nxe2 55. Kh2 Nxd4 56. Be4 Nb3 57. Kg3 Nxc5 58. Bf5 Rf8 59. Bc2 b5 60. axb5 cxb5 61. g5 a4 62. f4 a3 63. f5 a2 64. f6 a1=Q 0-1

[Event "Early-Titled-Tuesday-Blitz-February-06-2024"]
[Site "Chess.com"]
[Date "2024.02.06"]
[Round "9"]
[White "Huragan007"]
[Black "Witik"]
[Result "1-0"]
[WhiteElo "2607"]
[BlackElo "2757"]
[TimeControl "180+1"]
[EndTime "9:45:36 PST"]
[Termination "Huragan007 won on time"]

1. e4 c6 2. d4 d5 3. Nc3 dxe4 4. Nxe4 Bf5 5. Ng3 Bg6 6. h4 h6 7. Nh3 e6 8. Nf4 Bh7 9. Bc4 Nf6 10. c3 Nbd7 11. Nfh5 Qa5 12. O-O Nxh5 13. Nxh5 Nf6 14. Ng3 Bd6 15. Qf3 Bg6 16. b4 Qc7 17. Re1 O-O-O 18.
a4 Nd5 19. Bd2 h5 20. b5 c5 21. a5 cxd4 22. Bxd5 exd5 23. cxd4 Kb8 24. b6 Qd7 25. bxa7+ Ka8 26. Qb3 Be7 27. a6 b5 28. Rxe7 Qxe7 29.
Qxb5 Qd7 30. Qb6 Rc8 31. Bf4 Qxa7 32. Qb5 Qd7 33. Qa5 Qc6 34. Rc1 Qe6 35. Re1 Qc6 36. Rc1 Qe6 37. Re1 Qc6 38. Kh2 Rhe8 39. Rc1 Qe6 40.
Rc5 Rxc5 41. dxc5 Qc6 42. Bd6 f6 43. Nf1 Bd3 44. Ne3 Qxa6 45. Qc7 Rc8 46. Qxg7 Qb7 47. Qxf6 Ba6 48. Qa1 Qc6 49. Nxd5 Kb7 50. Nb4 Qb5 51. Nd5 Re8 52. Nc7 Qc6 53. Nxe8 Qxe8 54. Qb2+ Bb5 55. Qd4 Kc6 56. Qf4 Qg6 57. Qf3+ Kd7 58.
Qb7+ Ke6 59. Qxb5 1-0

[Event "Early-Titled-Tuesday-Blitz-February-06-2024"]
[Site "Chess.com"]
[Date "2024.02.06"]
[Round "9"]
[White "winniethepooh04"]
[Black "Iskusnyh"]
[Result "1/2-1/2"]
[WhiteElo "2523"]
[BlackElo "2645"]
[TimeControl "180+1"]
[EndTime "9:45:38 PST"]
[Termination "Game drawn by repetition"]

1. d4 d5 2. Nf3 Nf6 3. Bf4 c5 4. e3 Nc6 5. c3 Qb6 6. Qc2 g6 7.
Nbd2 Bg7 8. Be2 O-O 9. O-O cxd4 10. exd4 Nh5 11. Be3 f5 12. Nb3 Nf6 13. Ne5 Ne4 14.
Nd3 Kh8 15. Rfe1 Be6 16. Nbc5 Bc8 17. f3 Nd6 18. Bf2 Qd8 19. Nf4 e5 20. Nfe6 Bxe6 21. Nxe6 Qe7 22. Nxf8 e4 23. Nxg6+ hxg6 24. fxe4 fxe4 25. Be3 Nf5 26. Qd2 Bf6 27. Rf1 Kg7 28. Bg4 Nxe3 29. Qxe3 Bg5 30. Qe2 Rh8 31. Rf2 Qd6 32.
g3 Re8 33. Raf1 Re7 34. Rf8 b5 35. Qxb5 e3 36. Qe2 Na5 37. b3 Nc6 38. Kg2 a5 39. h4 Bh6 40. Ra8 Kh7 41. Rc8 Nd8 42. Rf3 Nf7 43.
Qf1 Kg7 44. Qe2 Qb6 45. Rc5 Nd6 46. Rxd5 Ne4 47. Rxe3 Bxe3 48. Qxe3 Qb7 49. c4 Nf6 50. Qf3 Nxd5 51. cxd5 Qc7 52. Be6 Re8 53. Kh3 Rf8 54.
Qg4 Qc1 55. Qe4 Qf1+ 56. Kg4 Qd1+ 57. Kh3 Qf1+ 58. Kg4 Qd1+ 59. Kh3 Qf1+ 1/2-1/2

[Event "Early-Titled-Tuesday-Blitz-February-06-2024"]
[Site "Chess.com"]
[Date "2024.02.06"]
[Round "9"]
[White "RobertJFischer71"]
[Black "Elegance_Riks"]
[Result "0-1"]
[WhiteElo "2585"]
[BlackElo "2773"]
[TimeControl "180+1"]
[EndTime "9:45:40 PST"]
[Termination "Elegance_Riks won on time"]

1. e4 e5 2. Nf3 Nc6 3. Bb5 a6 4. Ba4 Bc5 5. O-O d6 6. c3 b5 7. Bb3 Bb6 8. d4 Nf6 9. a4 Bb7 10.
Bg5 h6 11. Bxf6 Qxf6 12. Bd5 O-O 13. Na3 exd4 14. cxd4 Rab8 15. Nc2 Na5 16. b4 Nc4 17. Bxc4 bxc4 18. a5 Ba7 19. Re1 Rfe8 20. d5 c6 21. Na3 cxd5 22. exd5 Rxe1+ 23. Qxe1 Bxd5 24. Rd1 Bxf3 25. gxf3 c3 26. Qe4 Rd8 27. Rd5 Qe6 28. Nc2 Qh3 29.
Qg4 Qxg4+ 30. fxg4 Re8 31. Kf1 Re4 32. h3 Rf4 33.
Ke1 Rxf2 34. Kd1 Rf1+ 35. Ke2 Rc1 36. Kd3 Rd1+ 37. Kc4 Rh1 38. Rd3 Rh2 39. Kxc3 d5 40. Ne3 d4+ 41. Rxd4 Bxd4+ 42. Kxd4 Rxh3 43. b5 axb5 44. a6 Rh1 45. Kc5 Ra1 46. Kxb5 g6 47. Nc4 h5 48.
Na5 Rb1+ 49. Kc6 Rb8 50. gxh5 gxh5 51. Nc4 h4 52. Ne3 h3 53. Ng4 Ra8 54. Kb7 Rf8 55. a7 f5 0-1

[Event "Early-Titled-Tuesday-Blitz-February-06-2024"]
[Site "Chess.com"]
[Date "2024.02.06"]
[Round "9"]
[White "Iana_Shirova"]
[Black "Aash20"]
[Result "0-1"]
[WhiteElo "2295"]
[BlackElo "2461"]
[TimeControl "180+1"]
[EndTime "9:45:40 PST"]
[Termination "Aash20 won by checkmate"]

1. e4 c5 2. Nf3 d6 3. Bb5+ Bd7 4.
Bd3 Nc6 5. c3 g6 6. O-O Bg7 7.
Re1 Nf6 8. Bf1 O-O 9. d3 Rb8 10. a4 a6 11. h3 b5 12. axb5 axb5 13. Nbd2 b4 14. Nc4 bxc3 15. bxc3 Be6 16. Ne3 Nd7 17. d4 cxd4 18. cxd4 Bb3 19. Qd2 Nf6 20. Bd3 Nb4 21. Bb1 Qc7 22. Bb2 Qb7 23. Bc3 Nc6 24. Bd3 Qd7 25. d5 Na7 26. Nd4 Rfc8 27. Nxb3 Rxb3 28. Rec1 Nxe4 29. Bxe4 Rbxc3 30. Qd1 Nb5 31. Bd3 Rxc1 32. Rxc1 Rxc1 33. Qxc1 Nd4 34. Qc4 Bf6 35.
g3 h5 36. Kg2 Kg7 37. Nf1 Qa7 38. Nd2 Qa1 39. Nf3 Qb2 40. Nxd4 Bxd4 41. Be2 Qd2 42. Qd3 Qb4 43. h4 Bc5 44. Qc4 Qe1 45. Bd3 Qxf2+ 46. Kh3 Bd4 47. Qc2 Qf3 48. Qe2 Qxd5 49.
Qe4 Qxe4 50. Bxe4 e6 51. Kg2 d5 52. Bc2 Kf6 53. Kf3 Bc3 54. Bd1 Be1 55. Be2 e5 56.
Bf1 Ke6 57. Bh3+ f5 58. g4 hxg4+ 59. Kg2 gxh3+ 60. Kh1 Bxh4 61. Kh2 g5 62. Kh1 d4 63. Kh2 d3 64. Kh1 d2 65. Kh2 d1=Q 66. Kxh3 Qh1# 0-1

[Event "Early-Titled-Tuesday-Blitz-February-06-2024"]
[Site "Chess.com"]
[Date "2024.02.06"]
[Round "9"]
[White "TregubovP"]
[Black "Kotlyar_K"]
[Result "1-0"]
[WhiteElo "2687"]
[BlackElo "2495"]
[TimeControl "180+1"]
[EndTime "9:45:43 PST"]
[Termination "TregubovP won by checkmate"]

1. e4 c6 2. Nf3 d5 3. Nc3 dxe4 4. Nxe4 Nf6 5. Qe2 Nxe4 6. Qxe4 Nd7 7. Bc4 Nf6 8. Ne5 e6 9. Qf4 b5 10. Be2 Bd6 11.
d4 O-O 12. O-O Nd5 13. Qe4 f5 14. Qf3 c5 15. Bxb5 cxd4 16. Bc6 Rb8 17. Bxd5 Bxe5 18. Re1 Bxh2+ 19. Kxh2 exd5 20. b3 Bb7 21. Bf4 Rc8 22.
Re2 Rc3 23. Qh5 d3 24. cxd3 Rxd3 25. Rae1 Bc6 26. Re7 Rd4 27. Qg5 Rf7 28. Bc7 h6 29.
Qe3 Qxe7 30. Qxe7 Rxe7 31. Rxe7 Rd2 32. Be5 g5 33. Kg3 d4 34. f3 Kf8 35. Rxa7 Ke8 36. Rc7 Bd7 37. Rc4 f4+ 38. Kh2 d3 39. Rd4 Bc6 40.
Kh3 Bb5 41. a4 Bd7+ 42. Kh2 Rd1 43. a5 Bb5 44. Rd5 Ba6 45. Rd6 Bb5 46. a6 Rb1 47. a7 Bd7 48. Rxd7 Kxd7 49. a8=Q Rd1 50. Qd5+ Ke7 51. Qd6+ Kf7 52. Qd7+ Kg6 53. Qg7+ Kh5 54. Qf7+ Kh4 55. Qg6 Rh1+ 56. Kxh1 d2 57. Qxh6+ Kg3 58. Qd6 Kf2 59. Qxd2+ Kg3 60. Kg1 Kh4 61. Qe1+ Kh5 62. Qd2 Kg6 63. Qd6+ Kh5 64. Qf6 Kh4 65. Qf5 g4 66.
Qxg4# 1-0

[Event "Early-Titled-Tuesday-Blitz-February-06-2024"]
[Site "Chess.com"]
[Date "2024.02.06"]
[Round "9"]
[White "AA95"]
[Black "Rurep26"]
[Result "1/2-1/2"]
[WhiteElo "2514"]
[BlackElo "2741"]
[TimeControl "180+1"]
[EndTime "9:45:43 PST"]
[Termination "Game drawn - insufficient material"]

1. d4 e6 2. Nf3 Nf6 3. c4 Bb4+ 4. Bd2 Qe7 5. e3 O-O 6. Bd3 Bxd2+ 7. Nbxd2 d6 8. Qc2 Nc6 9. a3 a5 10. O-O e5 11. d5 Nb8 12. Rae1 Na6 13. Bf5 Bxf5 14. Qxf5 g6 15. Qc2 Nc5 16. e4 c6 17. b4 axb4 18.
axb4 Na6 19. Qb3 c5 20. bxc5 Nxc5 21. Qc2 Ra3 22. Rb1 Rfa8 23. Rb2 Qc7 24. Rfb1 Qa5 25. Nb3 Nxb3 26. Rxb3 Ra2 27. Qd3 Ng4 28. h3 Nxf2 29. Qe3 Qa7 30. Qxa7 R8xa7 31. Rxb7 Rxb7 32. Rxb7 Nxe4 33. Rc7 Rc2 34. Kh2 Kg7 35. h4 h6 36. Kh3 Nf2+ 37.
Kg3 Nd1 38. c5 Rxc5 39. Rxc5 dxc5 40. d6 Kf6 41. d7 Ke7 42. Nxe5 Ne3 43. Nxf7 Nf5+ 44.
Kh3 Kxd7 45. Ne5+ Kd6 46. Nxg6 c4 47. Nf4 c3 48. Ne2 c2 49. g4 Nd4 50. Nc1 Ke5 51. g5 hxg5 52. hxg5 Kf5 53. g6 Kxg6 54. Kg4 Kf6 55. Kf4 Nb5 56. Ke3 Ke5 57. Kd3 Na3 58. Kc3 Ke4 59. Kb3 Kf3 60. Kxa3 Ke3 61. Kb3 Kd2 62. Kb2 Ke3 63. Kc3 Ke4 64. Kd2 Kd5 65. Kxc2 1/2-1/2

[Event "Early-Titled-Tuesday-Blitz-February-06-2024"]
[Site "Chess.com"]
[Date "2024.02.06"]
[Round "9"]
[White "Sokoloco"]
[Black "GianmarcoVaR"]
[Result "1-0"]
[WhiteElo "2795"]
[BlackElo "2687"]
[TimeControl "180+1"]
[EndTime "9:45:44 PST"]
[Termination "Sokoloco won on time"]

1. b3 e5 2. Bb2 Nc6 3. e3 Nf6 4. Nf3 Bd6 5. d4 Qe7 6. d5 Nb8 7. c4 c5 8. Nc3 Bc7 9. Qc2 d6 10. Bd3 Ba5 11. O-O Nbd7 12. Nd2 O-O 13. Rae1 a6 14. f4 b5 15. f5 Re8 16. e4 Bxc3 17.
Bxc3 b4 18. Bb2 a5 19. Be2 a4 20. g4 h6 21. Kh1 Nh7 22. Nf3 Ng5 23. Bc1 axb3 24.
axb3 Nf8 25. Bd3 Nfh7 26. Qf2 Bd7 27. Ng1 f6 28. h4 Nf7 29. Nf3 Ra5 30. Rg1 Rea8 31.
Bb1 Ra1 32. Bb2 R1a5 33. Rg3 Kf8 34. Reg1 Ke8 35. Bc1 Ra1 36. Qb2 Kd8 37. g5 hxg5 38.
hxg5 fxg5 39. Nxg5 Nhxg5 40. Bxg5 Nxg5 41. Rxg5 Be8 42. Kh2 Qf6 43. R1g4 Qh6+ 44. Kg2 R8a3 45. Rg3 Qh4 46.
R5g4 Qh6 47. Kf2 Rxb1 48. Qxb1 Qd2+ 49. Kg1 Qd4+ 50. Kh2 Ra1 51. Qd3 Ra2+ 52. Kh3 Qf2 53. Rg2 Rd2 54. Qxd2 Qf3+ 55. R2g3 Qh1+ 56. Qh2 Qf1+ 57.
Qg2 Qd1 58. Kh2 g6 59. fxg6 Bxg6 60. Rxg6 Qh5+ 61. Qh3 Qe2+ 62. Rg2 Qxe4 63. Qh8+ Ke7 64. Qh7+ 1-0

[Event "Early-Titled-Tuesday-Blitz-February-06-2024"]
[Site "Chess.com"]
[Date "2024.02.06"]
[Round "9"]
[White "BardArtem"]
[Black "abhidabhi"]
[Result "0-1"]
[WhiteElo "2769"]
[BlackElo "2916"]
[TimeControl "180+1"]
[EndTime "9:45:47 PST"]
[Termination "abhidabhi won on time"]

1. e4 e5 2. Nf3 Nc6 3. Bc4 Nf6 4. d3 d5 5. exd5 Nxd5 6. Nc3 Nb6 7. Bb3 Bg4 8. h3 Bh5 9. Ne4 Be7 10. Ng3 Bg6 11.
O-O O-O 12. Re1 Bd6 13. Bg5 Qd7 14. Nh4 Nd4 15. Qg4 Nxb3 16. Qxd7 Nxd7 17. axb3 f6 18. Nxg6 hxg6 19. Bd2 f5 20. Kf1 a6 21. Ne2 Nf6 22. Ng1 e4 23. dxe4 Nxe4 24. Nf3 Rad8 25. Be3 Bb4 26.
c3 Be7 27. Rad1 Bf6 28. Bd4 Bxd4 29. Nxd4 Kf7 30. f3 Nc5 31. b4 Na4 32. Rd2 Rfe8 33. Rxe8 Rxe8 34. Ne2 Nb6 35. b3 c6 36. Nf4 g5 37.
Nd3 Nd5 38. c4 Ne3+ 39. Kf2 f4 40. Nc5 Re7 41. Ne4 Kg6 42. Rd6+ Kf5 43. Rd8 Nc2 44.
Rh8 Kg6 45. b5 axb5 46. cxb5 cxb5 47. Rd8 Nb4 48. Rd6+ Kf5 49. Rb6 Nd3+ 50. Kg1 b4 51. Rxb7 Rxb7 52. Nd6+ Ke6 53. Nxb7 Kd5 54. Kf1 Kd4 55.
Na5 Kc3 56. Ke2 Nc1+ 57. Kd1 Nxb3 58. Nc6 Nd4 59. Ne7 b3 60. Kc1 b2+ 61. Kb1 Nb5 0-1

[Event "Early-Titled-Tuesday-Blitz-February-06-2024"]
[Site "Chess.com"]
[Date "2024.02.06"]
[Round "9"]
[White "FormerProdigy"]
[Black "Yurovskykh_Oleksandr"]
[Result "0-1"]
[WhiteElo "2985"]
[BlackElo "2661"]
[TimeControl "180+1"]
[EndTime "9:45:47 PST"]
[Termination "Yurovskykh_Oleksandr won on time"]

1. e4 e6 2. d4 d5 3. Nd2 dxe4 4. Nxe4 Bd7 5. Nf3 Bc6 6. Bd3 Nd7 7. O-O Ngf6 8. Ng3 g6 9. b3 Bg7 10. Ba3 Bf8 11.
Bb2 Bg7 12. c4 O-O 13. Qe2 Bxf3 14. Qxf3 c6 15. Rad1 Qc7 16. Rfe1 Rfe8 17. Bb1 b5 18. Nf1 bxc4 19. bxc4 c5 20. d5 exd5 21. Rxe8+ Rxe8 22. cxd5 Qd6 23. Ne3 Nb6 24. g3 Nfd7 25. Bxg7 Kxg7 26. Qg4 Kf8 27. Qh4 h5 28. Qg5 Qf6 29. Qh6+ Qg7 30. Qf4 Qe5 31. Qh6+ Qg7 32. Qxg7+ Kxg7 33. Bd3 Kf6 34.
Bb5 Ke7 35. d6+ Kd8 36. a4 a5 37. Bc6 Re6 38. Kf1 Ne5 39. Bb5 Ng4 40. Nxg4 hxg4 41.
Rc1 Re5 42. Bc6 Nc8 43. Rd1 Re6 44. Rd5 c4 45. Rxa5 Rxd6 46. Rc5 Na7 47. Bd5 c3 48. Ke2 f5 49. Kd3 Nc8 50. Kxc3 Nb6 51. Bb3 Ke7 52. a5 Nd7 53. Rb5 Ra6 54. Bc4 Ra7 55. Kb4 Kd6 56.
a6 Kc6 57. Ra5 Nb8 58. Bb5+ Kb6 59. Ra3 Re7 60. Bc4 Ka7 61. Kc5 Re1 62. Rd3 Ka8 0-1

[Event "Early-Titled-Tuesday-Blitz-February-06-2024"]
[Site "Chess.com"]
[Date "2024.02.06"]
[Round "9"]
[White "GMBenjaminBok"]
[Black "Alex_Sahakyan2006"]
[Result "1-0"]
[WhiteElo "2986"]
[BlackElo "2900"]
[TimeControl "180+1"]
[EndTime "9:45:50 PST"]
[Termination "GMBenjaminBok won on time"]

1. d4 Nf6 2. c4 c5 3. Nf3 cxd4 4. Nxd4 Nc6 5. Nc3 e6 6. g3 Qb6 7. Nf3 Bb4 8. Bg2 Ne4 9. O-O Nxc3 10. bxc3 Bxc3 11.
Be3 Qa5 12. Rc1 O-O 13. Ng5 f5 14. c5 Bf6 15. Qb3 Qb4 16. Qd3 Ne5 17. Qc2 Ng4 18.
Bd2 Qa3 19. Rb1 Qa6 20. e4 h6 21. Nf3 d5 22. exf5 exf5 23. h3 Ne5 24. Nxe5 Bxe5 25.
Bxd5+ Kh8 26. Rfe1 Qf6 27. f4 Bd4+ 28. Kg2 Bd7 29.
Bxb7 Bc6+ 30. Bxc6 Qxc6+ 31. Kh2 Qxc5 32. Qxc5 Bxc5 33.
Bc3 Rf7 34. Rb5 Rc8 35. Kg2 Bb6 36. Bb2 Rc2+ 37. Kh1 Rc5 38. Rxc5 Bxc5 39. Re5 Bb6 40. Kg2 Kh7 41. Kf3 Bc7 42. Rd5 Bb6 43. a4 Kg6 44. a5 Bc7 45. Bd4 Bb8 46. a6 Kh7 47. h4 h5 48. Rb5 Rf8 49. Rb7 Kg6 50. Rxg7+ Kh6 51. Rb7 Kg6 52. Bxa7 Bxa7 53. Rxa7 Rc8 54. Rb7 Rc3+ 55. Kf2 Ra3 56. a7 Kf6 57. Ke2 Ke6 58.
Kd2 Kd5 59. Kc2 Ke4 60. Kb2 Ra6 61. Kc3 Kf3 62. Rg7 Ra4 63. Kb3 Ra1 64. Kb4 Kg2 65.
Kc5 Kf3 66. Kb6 Rb1+ 67. Kc7 Ra1 68. Kb8 1-0

[Event "Early-Titled-Tuesday-Blitz-February-06-2024"]
[Site "Chess.com"]
[Date "2024.02.06"]
[Round "9"]
[White "tarno17"]
[Black "BallottiLuca"]
[Result "0-1"]
[WhiteElo "2124"]
[BlackElo "2360"]
[TimeControl "180+1"]
[EndTime "9:45:51 PST"]
[Termination "BallottiLuca won by resignation"]

1. e4 c5 2. Nf3 d6 3. Bb5+ Bd7 4. Bxd7+ Qxd7 5. O-O Nc6 6. d4 cxd4 7. Nxd4 Nf6 8. Re1 g6 9. c3 Bg7 10. Nd2 O-O 11. Nf1 Rac8 12. Ng3 Rfd8 13. Be3 Ne5 14. h3 Nc4 15. Qe2 Nxe3 16. Qxe3 a6 17. Rad1 Qa4 18. a3 Nd7 19.
Qg5 Bf6 20. Qh6 Nc5 21. Re3 Qe8 22. Qf4 Ne6 23. Qg4 Ng7 24. f4 Qd7 25. Qf3 Ne6 26. f5 Nxd4 27. cxd4 Rc2 28. Qg4 Rdc8 29. Nh5 Rxb2 30. Nxf6+ exf6 31. Qg3 Rcc2 32. fxg6 hxg6 33.
Rf1 Rxg2+ 34. Qxg2 Rxg2+ 35. Kxg2 Kg7 36. Ref3 Qe6 37.
Rf4 b5 38. R1f2 a5 39. h4 b4 40. axb4 axb4 41. R2f3 b3 42. Rf2 d5 43. h5 dxe4 44.
h6+ Kxh6 45. Kg3 f5 46. Rh2+ Kg7 47. Rfh4 Qd6+ 48. Kf2 Qxd4+ 49. Ke1 b2 50. Rh7+ Kf6 51. Rxb2 Qxb2 52. Rh3 Qb4+ 53. Kf1 Qc4+ 54. Kg2 Qe2+ 55. Kg1 Qe1+ 56. Kg2 e3 57. Rf3 Qf2+ 58. Rxf2 exf2 59. Kxf2 g5 60. Kg3 Ke5 61. Kh2 Kf4 62. Kg2 Ke3 63. Kf1 Kf3 64. Kg1 f4 65. Kh2 g4 66. Kh1 Ke2 67. Kg1 f3 68. Kh2 f2 69. Kg3 f1=Q 70. Kxg4 Qf3+ 71. Kg5 f5 72. Kh6 f4 73. Kg7 Qg3+ 0-1

[Event "Early-Titled-Tuesday-Blitz-February-06-2024"]
[Site "Chess.com"]
[Date "2024.02.06"]
[Round "9"]
[White "Marcan2b"]
[Black "Eagle_2019"]
[Result "0-1"]
[WhiteElo "3005"]
[BlackElo "2874"]
[TimeControl "180+1"]
[EndTime "9:45:52 PST"]
[Termination "Eagle_2019 won by resignation"]

1. e4 c6 2. Nf3 d5 3. exd5 cxd5 4. d4 Nc6 5. Bb5 e6 6. O-O Bd6 7. Re1 Ne7 8. Nbd2 O-O 9. Nf1 a6 10. Bd3 f6 11. c4 Kh8 12. Ng3 Nb4 13. Bf1 dxc4 14.
Bxc4 Nbd5 15. Bd2 b5 16. Bd3 Bd7 17. Ne4 Qb6 18. b4 Bxb4 19. Nc5 Bxc5 20. dxc5 Qxc5 21. Rc1 Qd6 22. Nh4 e5 23. Qh5 f5 24. Bg5 e4 25.
Bf1 Nc6 26. Red1 Ne5 27. Rd2 Be6 28. Rcd1 Qc6 29. Qe2 Nd3 30. Qh5 Bf7 31. Qe2 Nc3 32.
Qe3 Nxd1 33. Rxd1 f4 34. Qh3 Kg8 35. Nf5 Qc2 36. Bf6 Qxd1 37. Qh6 Qg4 38. h3 Rfe8 39.
Nxg7 Qg6 40. Qh4 Re6 41. Bc3 Re5 42. Bxd3 Qxg7 43. Bxe4 Rae8 44. f3 Bg6 45. Bd5+ Kh8 46. Kh2 h6 47. Qxf4 Kh7 48. Bb3 Rf5 49. Qd2 Qc7+ 50.
Kg1 Qc5+ 51. Kh2 Qc7+ 52. Kg1 Qa7+ 53. Kh2 Qe7 54. Bd4 Rd8 55. g4 Rxd4 56. Qxd4 Qe5+ 57. Qxe5 Rxe5 58. Kg3 a5 59. f4 Re3+ 60. Kf2 Rxh3 61. f5 Be8 62. Bd5 Kg7 0-1

[Event "Early-Titled-Tuesday-Blitz-February-06-2024"]
[Site "Chess.com"]
[Date "2024.02.06"]
[Round "9"]
[White "Blitzking642"]
[Black "margarita_2703"]
[Result "1-0"]
[WhiteElo "2539"]
[BlackElo "2360"]
[TimeControl "180+1"]
[EndTime "9:45:54 PST"]
[Termination "Blitzking642 won by resignation"]

1. e4 e5 2. Nf3 Nc6 3. Bc4 Nf6 4. d3 h6 5. O-O g5 6. a4 Bg7 7. Nc3 O-O 8. a5 d6 9. Bd2 Be6 10. Nd5 Ne7 11. a6 b6 12. Ne3 c6 13. Ba2 Ng6 14. g3 Qd7 15. Bc3 Rad8 16. Re1 Rfe8 17. Bxe6 fxe6 18. b4 c5 19. bxc5 bxc5 20. Qd2 Rf8 21.
Kg2 Qf7 22. Qe2 g4 23. Nd2 h5 24. Ndc4 Nh7 25. Nd1 Ng5 26. Rb1 Rd7 27. Bd2 Nf3 28. Rf1 h4 29. Nce3 Nxd2 30. Qxd2 Qf3+ 31. Kg1 h3 32.
Nc3 d5 33. Qe2 d4 34. Nxg4 dxc3 35. Qxf3 Rxf3 36. Rb7 Rff7 37. Rfb1 Nf8 38. Ne3 Rd8 39. Nc4 Bf6 40. Na5 Nd7 41. Nc6 Ra8 42. Rxa7 Rxa7 43. Nxa7 Rf8 44. Nc6 Ra8 45. a7 Kf7 46. Rb7 Ke8 47. f4 exf4 48. gxf4 Bd4+ 49. Kf1 e5 50. f5 Be3 51. f6 c4 52. f7+ Kxf7 53.
Rxd7+ Ke6 54. Rd8 Rxa7 55. Nxa7 Bxa7 56. dxc4 Bd4 57. Rh8 Kd6 58. Rxh3 Kc5 59. Rh7 Kxc4 60. h4 Be3 61. Rd7 Bf4 62. h5 Kc5 63. Ke2 Kc6 64. Rg7 Kd6 65. h6 Ke6 66. h7 Kf6 67. h8=Q Ke6 68.
Qe8+ 1-0